 Dungeon Crawl Stone Soup version 0.31-a0-750-gfe7b580527 (webtiles) character file.

Game seed: 15085392308870148510

5511 randomguy2701 the Cleaver (level 10, -7/89 HPs)
             Began as a Hill Orc Fighter on Sept 15, 2023.
             Was a Priest of Beogh.
             Mangled by a cyan very ugly thing (19 damage)
             ... on level 1 of the Abyss.
             The game lasted 00:15:33 (9548 turns).

randomguy2701 the Cleaver (Hill Orc Fighter)        Turns: 9548, Time: 00:15:33

Health: -7/89      AC: 17    Str: 18    XL:     10   Next: 70%
Magic:  12/12      EV:  5    Int:  8    God:    Beogh [***...]
Gold:   959        SH: 15    Dex: 12    Spells: 9/9 levels left

rFire   . . .        d - +2 war axe (heavy)
rCold   . . .        G - +0 kite shield
rNeg    . . .        N - +0 plate armour
rPois   .            F - +0 helmet
rElec   .            (no cloak)
rCorr   .            (no gloves)
SInv    .            c - +0 pair of boots
Will    .....        j - amulet of reflection Stlth
                     (no ring)
HPRegen 0.34/turn    (no ring)
MPRegen 0.13/turn

%: reflection
@: no status effects
A: clumsy 1, weak 1
a: Renounce Religion, Smiting


You were on level 1 of the Abyss.
You worshipped Beogh.
Beogh was most pleased with you.
You visited 1 branch of the dungeon, and saw 8 of its levels.
You visited the Abyss 1 time.
You also visited: Bailey.

You collected 985 gold pieces.
You spent 26 gold pieces at shops.

Inventory:

Hand Weapons
 a - a +0 war axe
 d - a +2 heavy war axe (weapon)
 E - the +7 spear of Trial by Ordeal {heavy, rPois}
   (You found it on level 5 of the Dungeon)

   rPois:     It protects you from poison
Missiles
 O - 5 throwing nets
Armour
 c - a +0 pair of boots (worn)
 F - a +0 helmet (worn)
 G - a +0 kite shield (worn)
 N - a +0 plate armour (worn)
 P - a +1 scale mail of cold resistance
 Q - a +0 plate armour of willpower
Jewellery
 e - an amulet of faith
 j - an amulet of reflection (around neck)
 A - a +6 ring of intelligence
 D - a ring of wizardry
Wands
 b - a wand of flame (9)
 y - a wand of light (10)
 z - a wand of roots (2)
 J - a wand of charming (14)
 K - a wand of polymorph (11)
Scrolls
 h - 5 scrolls of poison
 k - 2 scrolls of teleportation
 l - 2 scrolls of revelation
 m - 2 scrolls of vulnerability
 q - a scroll of summoning
 s - a scroll of noise {unknown}
 u - a scroll of immolation {unknown}
 w - a scroll of acquirement {unknown}
 B - 2 scrolls of blinking {unknown}
 H - a scroll of enchant weapon {unknown}
 M - a scroll of amnesia {unknown}
Potions
 g - 4 potions of curing
 i - a potion of brilliance {unknown}
 n - 3 potions of cancellation {unknown}
 o - 2 potions of degeneration {unknown}
 p - a potion of mutation {unknown}
 r - a potion of attraction {unknown}
 t - a potion of invisibility {unknown}
 v - a potion of haste {unknown}
 x - 2 potions of berserk rage {unknown}
 C - a potion of experience {unknown}
 I - a potion of heal wounds {unknown}
 L - a potion of enlightenment {unknown}


   Skills:
 + Level 8.3 Fighting
 + Level 12.0 Axes
 + Level 9.5 Armour
 + Level 2.8 Dodging
 + Level 0.8 Stealth
 + Level 7.3 Shields
 * Level 2.7 Invocations


You had 9 spell levels left.
You didn't know any spells.
Your spell library contained the following spells:

 Spells                   Type           Power      Damage    Failure   Level
 Necrotise                Necr           0%         1d4       100%        1
 Summon Small Mammal      Summ           0%         N/A       100%        1
 Ensorcelled Hibernation  Hex/Ice        0%         N/A       100%        2
 Passwall                 Tmut/Erth      0%         N/A       100%        2
 Sublimation of Blood     Necr           0%         N/A       100%        2
 Call Canine Familiar     Summ           0%         N/A       100%        3
 Ozocubu's Armour         Ice            0%         N/A       100%        3
 Summon Guardian Golem    Hex/Summ       0%         N/A       100%        3
 Swiftness                Air            0%         N/A       100%        3
 Vampiric Draining        Necr           0%         2d6       100%        3
 Petrify                  Tmut/Erth      0%         N/A       100%        4
 Agony                    Necr           0%         N/A       100%        5
 Irradiate                Conj/Tmut      0%         3d11      100%        5
 Ozocubu's Refrigeration  Ice            0%         4d7       100%        7


Dungeon Overview and Level Annotations

Branches:
Dungeon (8/15)             Temple (0/1) D:7          Bailey (visited)
   Lair: D:8-11

Altars:
Ashenzari
Elyvilon
Fedhas
Gozag
Nemelex Xobeh
Sif Muna
Xom
Beogh

Shops:
D:1 ?

Annotations:
D:8 Psyche


Innate Abilities, Weirdness & Mutations

You are clumsy. (Dex -2)
You are weak. (Str -2)


Message History

This place cannot be mapped!
Okay, then.
Found a gateway leading deeper into the Abyss.
A starcursed mass comes into view.
Found a corrupted altar of Lugonu.
Found a gateway leading deeper into the Abyss.
A neqoxec comes into view.
The neqoxec shouts!
The neqoxec gestures at you.
Strange energies course through your body.
You feel weaker.
A purple draconian comes into view. It is wielding a +0 long sword.
A starcursed mass comes into view.
As you read the scroll of teleportation, it crumbles to dust.
You feel strangely unstable.
You feel the power of the Abyss delaying your translocation!
The neqoxec gestures at you.
Something tries to feed on your intellect!
The purple draconian breathes dispelling energy at you.
The bolt of dispelling energy misses you.
The starcursed mass shrieks in your mind.
The purple draconian breathes dispelling energy at you.
The bolt of dispelling energy hits you!!
You feel strangely stable.
* * * LOW HITPOINT WARNING * * *
The neqoxec gestures at you.
Strange energies course through your body.
You feel clumsy.
A starcursed mass splits.
The starcursed mass shrieks in your mind.
* * * LOW HITPOINT WARNING * * *
You are suddenly pulled into a different region of the Abyss!
Found a corrupted altar of Lugonu.
A cyan very ugly thing comes into view.
The cyan very ugly thing gurgles horribly!
The cyan very ugly thing attacks as it pursues you!
The cyan very ugly thing punches you!
* * * LOW HITPOINT WARNING * * *
The cyan very ugly thing shocks you!!
You die...

### . #.. #. #..
.##..#### ##
#....#.. .#..
#......
..#..#...#.#
#...##..#@#
#....#u.#.#
#.#......#
#...#..##
...............
................
................
...##......##...
.. #......# ...


You could see a cyan very ugly thing.

Vanquished Creatures
  Pikel (D:7)
  Maggie (D:7)
  An unseen horror (D:7)
  Grinder (D:5)
  Sigmund (D:4)
  3 steam dragons
  Menkaure (D:5)
  A water moccasin (D:7)
  Duvessa (D:7)
  2 black bears
  A sky beast (D:7)
  An ice beast (D:8)
  2 ogres
  4 wolves (Bailey)
  2 centaurs
  3 lemures (D:7)
  2 phantoms
  5 gnoll sergeants (Bailey)
  Blork the orc (D:5)
  5 necrophages (D:6)
  2 scorpions
  2 bullfrogs
  Dowan (D:7)
  A water moccasin zombie (D:6)
  2 howler monkeys
  A bullfrog zombie (D:6)
  6 hounds
  A jelly (D:6)
  An orc priest (D:6)
  6 gnoll boudas (Bailey)
  2 sleepcaps
  2 iguanas
  9 adders
  13 gnolls
  A shadow imp (D:8)
  2 white imps (D:7)
  3 ufetubi
  2 worms
  3 dart slugs
  10 orcs
  4 endoplasms
  5 giant cockroaches
  4 goblins
  7 hobgoblins
  12 jackals
  6 kobolds
  2 quokkas (D:4)
  3 ball pythons
  2 bats
  7 frilled lizards
  2 rats (D:1)
163 creatures vanquished.

Vanquished Creatures (collateral kills)
  2 wolves (Bailey)
  2 gnoll sergeants (Bailey)
  2 gnoll boudas (Bailey)
  2 gnolls (Bailey)
8 creatures vanquished.

Grand Total: 171 creatures vanquished

Notes
Turn   | Place    | Note
-------+----------+-------------------------------------------
     0 | D:1      | randomguy2701 the Hill Orc Fighter began the quest for the
                  | Orb.
     0 | D:1      | Reached XP level 1. HP: 19/19 MP: 1/1
    70 | D:1      | Found a roughly hewn altar of Beogh.
    91 | D:1      | Found a faded altar of an unknown god.
   195 | D:1      | Reached XP level 2. HP: 27/27 MP: 2/2
   300 | D:1      | Found Aczaom's Magic Scroll Boutique.
   325 | D:1      | Bought a scroll of identify for 26 gold pieces
   453 | D:1      | Reached skill level 3 in Axes
   654 | D:1      | Reached XP level 3. HP: 29/33 MP: 3/3
  1049 | D:2      | Identified the +0 ring mail "Yven" {+Inv rN+++ Dex-5}
  1081 | D:2      | Reached XP level 4. HP: 40/40 MP: 4/4
  1090 | D:2      | Reached skill level 4 in Axes
  1512 | D:3      | Found an opulent altar of Gozag.
  1796 | D:3      | Found a shimmering blue altar of Sif Muna.
  1926 | D:3      | Reached XP level 5. HP: 47/47 MP: 5/5
  2374 | D:4      | Became a worshipper of Beogh the Brigand
  2432 | D:4      | Reached skill level 5 in Axes
  2722 | D:4      | Reached XP level 6. HP: 52/53 MP: 6/6
  2799 | D:4      | Noticed Sigmund
  2810 | D:4      | Killed Sigmund
  2811 | D:4      | Reached skill level 6 in Axes
  2811 | D:4      | Reached skill level 5 in Armour
  2991 | D:4      | Reached skill level 5 in Fighting
  2991 | D:4      | Reached XP level 7. HP: 34/61 MP: 7/7
  3267 | D:5      | Entered Level 5 of the Dungeon
  3313 | D:5      | Noticed Blork the orc
  3330 | D:4      | Reached skill level 7 in Axes
  3471 | D:5      | Killed Blork the orc
  3813 | D:5      | Reached skill level 1 in Dodging
  3814 | D:5      | Noticed Grinder
  3817 | D:5      | Identified the +7 spear of Trial by Ordeal {heavy, rPois}
  3829 | D:5      | Killed Grinder
  3829 | D:5      | Reached * piety under Beogh
  3830 | D:5      | Reached skill level 8 in Axes
  3830 | D:5      | Reached XP level 8. HP: 28/70 MP: 8/8
  4075 | D:5      | Noticed Menkaure
  4445 | D:6      | Found a white marble altar of Elyvilon.
  4867 | D:6      | Found a blossoming altar of Fedhas.
  4967 | D:6      | Reached skill level 9 in Axes
  5210 | D:6      | Reached XP level 9. HP: 60/78 MP: 9/9
  5264 | D:6      | Reached skill level 5 in Shields
  5735 | D:5      | Killed Menkaure
  6008 | D:7      | Reached ** piety under Beogh
  6009 | D:7      | Reached skill level 10 in Axes
  6202 | D:7      | Killed an unseen horror
  6618 | D:7      | Noticed Pikel
  6670 | D:7      | Killed Pikel
  6671 | D:7      | Reached skill level 11 in Axes
  6914 | D:7      | Noticed Maggie
  6930 | D:7      | Reached XP level 10. HP: 40/88 MP: 10/10
  6939 | D:7      | Killed Maggie
  7184 | D:7      | Noticed Dowan
  7185 | D:7      | Noticed Duvessa
  7403 | D:7      | Killed Duvessa
  7552 | D:7      | Killed Dowan
  7559 | D:7      | Found a staircase to the Ecumenical Temple.
  7747 | D:7      | Found a shimmering altar of Xom.
  7823 | D:7      | Found a sparkling altar of Nemelex Xobeh.
  7916 | D:8      | Found a flagged portal.
  7962 | D:8      | Found a broken altar of Ashenzari.
  8158 | Bailey   | Entered a bailey
  8166 | Bailey   | Reached skill level 1 in Invocations
  8811 | Bailey   | Reached *** piety under Beogh
  8915 | Bailey   | Reached skill level 12 in Axes
  8934 | Bailey   | Identified the +1 flail "Noremu" {holy, rF++ Will- Int+7}
  9451 | D:8      | Noticed Psyche
  9458 | Abyss:1  | Cast into level 1 of the Abyss (Psyche)
  9481 | Abyss:1  | Noticed a starcursed mass
  9486 | Abyss:1  | Found a corrupted altar of Lugonu.
  9494 | Abyss:1  | Found a corrupted altar of Lugonu.
  9494 | Abyss:1  | Found a corrupted altar of Lugonu.
  9498 | Abyss:1  | Gained mutation: You are weak. (Str -2) [a neqoxec]
  9504 | Abyss:1  | Noticed a purple draconian
  9504 | Abyss:1  | Noticed a starcursed mass
  9508 | Abyss:1  | Gained mutation: You are clumsy. (Dex -2) [a neqoxec]
  9521 | Abyss:1  | Found a corrupted altar of Lugonu.
  9545 | Abyss:1  | Noticed a cyan very ugly thing
  9548 | Abyss:1  | Mangled by a cyan very ugly thing

Illustrated notes

Levels and vault maps discovered:
D:1:      dpeg_arrival_rooms_a, layout_loops_ring,
          hellmonk_ecumenical_altar_defaced_shrine, serial_shops, shop_statue,
          corexii_leaking_fountain, minmay_misc_feat_five, minmay_lizard_pond
D:2:      layout_basic
D:3:      layout_loops_ring, old_standard_altar, lemuel_blue_sif_altar
D:4:      layout_basic, due_unseen_surprise, uniq_sigmund
D:5:      layout_rooms, minmay_hedge_maze, uniq_blork_the_orc, uniq_menkaure,
          uniq_grinder
D:6:      layout_rooms, mainiacjoe_overflow_catwalk, fedhas_altar_decomposition,
          grunt_ministairs_4
D:7:      layout_cave_pools, nemelex_spade_bored_becter, general_overflow_altar,
          minmay_temple_entry_waves, uniq_duvessa, uniq_pikel, uniq_maggie
D:8:      layout_basic, ashenzari_conservatory_becter, lair_entry_dummy,
          enter_bailey_2, guppyfry_early_elven_hall, uniq_psyche
Abyss:1:  base: D:7, hangedman_eye_storm

Skill      XL: |  1  2  3  4  5  6  7  8  9 10 |
---------------+-------------------------------+-----
Fighting       | 4 5 6 7 8 |  8.3
Axes           | 3 4 5 6 8 9 11 12 | 12.0
Armour         | 4 5 6 7 8 9 |  9.5
Dodging        | 1 2 |  2.8
Shields        | 4 6 7 |  7.3
Invocations    | 2 |  2.7
Stealth        | |  0.8

Action                     |  1- 3 |  4- 6 |  7- 9 | 10-12 || total
---------------------------+-------+-------+-------+-------++-------
  Melee: War axe           |    96 |   101 |   309 |   122 ||   628
 Invoke: Convert to Beogh  |       |     1 |       |       ||     1
  Evoke: Wand              |       |       |       |     5 ||     5
    Use: Scroll            |     1 |       |       |     6 ||     7
         Potion            |       |     1 |     1 |       ||     2
 Armour: Scale mail        |    81 |    70 |   296 |    20 ||   467
         Plate armour      |       |       |       |   117 ||   117
         Skin              |       |       |       |     5 ||     5
  Dodge: Dodged            |    64 |    43 |   120 |    64 ||   291
  Block: Buckler           |    14 |    14 |    79 |       ||   107
         Kite shield       |       |       |    92 |   177 ||   269
         Reflection        |       |       |       |     7 ||     7
         Other             |       |       |       |     2 ||     2

Table legend: (Time is in decaauts)
 A = Elapsed time spent in this place.
 B = Non-inter-level travel time spent in this place.
 C = Inter-level travel time spent in this place.
 D = Time resting spent in this place.
 E = Time spent auto-exploring this place.
 F = Levels seen in this place.
 G = Mean time per level.
                   A        B        C        D        E       F      G
               +--------+--------+--------+--------+--------+-----+--------+
         Total |   9704 |   9303 |    401 |    122 |   7467 |  10 |  970.4 |
       Dungeon |   8501 |   8100 |    401 |     44 |   6704 |   8 | 1062.6 |
         Abyss |     89 |     89 |      0 |      0 |      0 |   1 |   89.0 |
        Bailey |   1113 |   1113 |      0 |     78 |    763 |   1 | 1113.0 |
               +--------+--------+--------+--------+--------+-----+--------+

Top non-repeatable levels by time:
     D:6: 1742 daAuts
     D:4: 1612 daAuts
     D:7: 1480 daAuts
  Bailey: 1113 daAuts
     D:5: 1079 daAuts
     D:1: 789 daAuts
     D:2: 663 daAuts
     D:3: 649 daAuts
     D:8: 482 daAuts
 Abyss:1: 89 daAuts
